 Dungeon Crawl Stone Soup version 0.30.0-16-gbe6223bb7e (webtiles) character file.

Game seed: 14413030404870271071

229 4FPSwarrior the Cutter (level 5, 0/41 HPs)
             Began as a Vampire Gladiator on May 20, 2023.
             Slain by an ogre
             ... wielding a +0 giant spiked club
              (25 damage)
             ... on level 4 of the Dungeon.
             The game lasted 00:18:44 (3118 turns).

4FPSwarrior the Cutter (Vampire Gladiator)          Turns: 3118, Time: 00:18:45

Health: 0/41       AC:  5    Str: 13    XL:     5   Next: 71%
Magic:  6/6        EV: 13    Int: 11    God:
Gold:   190        SH:  0    Dex: 17    Spells: 3/6 levels left

rFire   . . .        x - +0 rapier (elec)
rCold   . . .        (no shield)
rNeg    . . .        q - +1 robe "Laysy" {Rampage Archmagi}
rPois   .            c - +0 helmet
rElec   .            (no cloak)
rCorr   .            v - +0 pair of gloves
SInv    +            (no boots)
Will    .....        (no amulet)
Stlth   +++          (no ring)
HPRegen 0.46/turn    (no ring)
MPRegen 0.10/turn

%: rampage, archmagi
@: about to teleport, healing quickly
A: alive, fangs 3, see invisible, vampiric 2
a: Exsanguinate


You were on level 4 of the Dungeon.
You visited 1 branch of the dungeon, and saw 4 of its levels.

You collected 190 gold pieces.

Inventory:

Hand Weapons
 a - a +0 rapier
 x - a +0 rapier of electrocution (weapon)
 y - a +1 dagger of venom
Missiles
 d - 2 throwing nets
 e - a javelin
 k - 6 stones
 o - an atropa-tipped dart (quivered)
 w - 7 poisoned darts
Armour
 b - a +0 leather armour
 c - a +0 helmet (worn)
 q - the +1 robe "Laysy" (worn) {Rampage Archmagi}
   (You found it on level 4 of the Dungeon)

   Rampage:   It bestows one free step when moving towards enemies.
   Archmagi:  It increases the power of your magical spells.
 v - a +0 pair of gloves (worn)
Scrolls
 f - a scroll of vulnerability {unknown}
 j - a scroll of teleportation
 l - a scroll of identify {unknown}
 m - a scroll of blinking {unknown}
 u - a scroll of magic mapping {unknown}
Potions
 g - 4 potions of heal wounds {unknown}
 h - 4 potions of curing {unknown}
 i - 3 potions of degeneration {unknown}
 n - a potion of brilliance {unknown}
 p - 2 potions of mutation {unknown}
 r - 2 potions of might {unknown}
 s - a potion of attraction {unknown}
 t - a potion of ambrosia {unknown}


   Skills:
 + Level 3.1 Fighting
 * Level 4.9 Short Blades
 - Level 1.5 Throwing
 - Level 3.2 Dodging
 + Level 4.2 Stealth
 + Level 1.0 Spellcasting
 + Level 2.0 Hexes


You had 3 spell levels left.
You knew the following spells:

 Your Spells              Type           Power      Damage    Failure   Level
a - Dazzling Flash        Conj/Hex       8%         N/A       54%         3

Your spell library contained the following spells:

 Spells                   Type           Power      Damage    Failure   Level
 Cigotuvi's Dreadful Rot  Necr/Pois/Air  0%         N/A       43%         2
 Inner Flame              Hex/Fire       4%         N/A       54%         3
 Ignite Poison            Fire/Tmut/Pois 0%         N/A       67%         3
 Volatile Blastmotes      Fire/Tloc      0%         2d10      67%         3
 Flame Wave               Conj/Fire      0%         2d4       97%         4
 Iskenderun's Mystic Bla  Conj/Tloc      0%         2d3       97%         4
 Sticky Flame             Conj/Fire      0%         2d3       97%         4
 Freezing Cloud           Conj/Ice/Air   0%         6-21      100%        5
 Starburst                Conj/Fire      0%         6d3       100%        6


Dungeon Overview and Level Annotations

Branches:
Dungeon (4/15)
 Temple: D:4-7

Altars:

Annotations:
D:3 exclusion: downstairs
D:4 exclusion: sky beast


Innate Abilities, Weirdness & Mutations

Your natural rate of healing is accelerated.
You have razor-sharp teeth.
You have supernaturally acute eyesight. (SInv)
You are afflicted with vampirism and can become a bat while bloodless.


Message History

The ufetubus shouts!
There is a stone staircase leading up here.
You barely miss the ufetubus. The ufetubus hits you.
The ufetubus hits you but does no damage. x2
The ufetubus barely misses you.
You hit the ufetubus but do no damage. Lightning courses through the ufetubus!
You kill the ufetubus!
Your Spellcasting skill increases to level 1!
You start resting.
HP restored.
You now have 190 gold pieces (gained 13).
p - 2 bubbling sapphire potions (gained 1)
Okay, then.
Okay, then.
Throw: 3 darts (atropa)
Press: ? - help, Q - select action, (/) - cycle Shift-Dir - straight line, f - ogre
Aim: an ogre, wielding a +0 giant spiked club (wandering, hasn't noticed you, 75% to hit, chance to blind on hit: 63%)
You throw an atropa-tipped dart. The atropa-tipped dart hits the ogre.
The ogre appears confused.
The ogre shouts!
The ogre seems less confused.
You rampage towards the ogre!
You barely miss the ogre.
Throw: 2 darts (atropa)
Press: ? - help, Q - select action, (/) - cycle Shift-Dir - straight line, f/p - ogre
Aim: an ogre, wielding a +0 giant spiked club (blind, 75% to hit, chance to blind on hit: 63%)
You throw an atropa-tipped dart. The atropa-tipped dart hits the ogre.
The ogre resists.
The ogre is no longer blind.
A giant cockroach comes into view.
You rampage towards the ogre!
You barely miss the ogre. The ogre barely misses you.
You closely miss the ogre.
As you read the scroll of teleportation, it crumbles to dust.
You feel strangely unstable.
The ogre hits you with a +0 giant spiked club!
The scorpion attacks as you move away! The scorpion barely misses you.
The scorpion stings you but does no damage.
The ogre attacks as you move away!
The ogre hits you with a +0 giant spiked club!!
Ouch! That really hurt!
You die...

.#.#.#
.###...#...#<...........#
.#.#.#
...$......##........####
.#.#.#.........#.##.#####..#
.#.#.#..............# #<##
...........##.##.#### #.#
.........## #..#.# ##.#
...........##..#.# #..#
....######.......#######.##
#.### ####..#@O...)...# #.#
#...s......### #.#
#.#........# ..#
#.#.B......# ..##
#.##.......# ...# #.
#..(....#### .#.## #.
##.........# .#.>## #.
#..(...##..# ###..# #......#
.#


You could see an ogre, a scorpion and a giant cockroach.

Vanquished Creatures
  A scorpion (D:4)
  A hound (D:3)
  An iguana (D:3)
  3 gnolls
  2 adders
  An ufetubus (D:4)
  2 worms
  A dart slug (D:4)
  4 orcs
  6 ball pythons
  2 bats
  6 endoplasms
  4 giant cockroaches
  4 goblins
  4 hobgoblins
  2 quokkas
  2 frilled lizards
  3 kobolds
  5 rats
54 creatures vanquished.

Notes
Turn   | Place    | Note
-------+----------+-------------------------------------------
     0 | D:1      | 4FPSwarrior the Vampire Gladiator began the quest for the
                  | Orb.
     0 | D:1      | Reached XP level 1. HP: 16/16 MP: 1/1
   231 | D:1      | Reached skill level 1 in Stealth
   371 | D:1      | Reached XP level 2. HP: 22/22 MP: 2/2
  1109 | D:1      | Gained mutation: You are afflicted with vampirism and can
                  | become a bat while bloodless. [Vampire growth]
  1109 | D:1      | Reached XP level 3. HP: 20/28 MP: 3/3
  1524 | D:2      | Found a faded altar of an unknown god.
  1532 | D:2      | Reached XP level 4. HP: 14/34 MP: 4/4
  2139 | D:3      | Learned a level 3 spell: Dazzling Flash
  2649 | D:4      | Noticed a scorpion
  2728 | D:4      | Identified the +1 robe "Laysy" {Rampage Archmagi}
  2759 | D:4      | Noticed an ogre
  2798 | D:4      | Noticed a scorpion
  2865 | D:3      | Reached skill level 1 in Hexes
  2865 | D:3      | Reached XP level 5. HP: 24/41 MP: 5/5
  3024 | D:4      | Noticed a sky beast
  3073 | D:4      | Reached skill level 1 in Spellcasting
  3118 | D:4      | Slain by an ogre

Illustrated notes

Levels and vault maps discovered:
D:1:      dpeg_arrival_oval, layout_basic
D:2:      layout_rooms, shapermc_ecumenical_altar_mp_highgroup
D:3:      layout_basic
D:4:      layout_rooms, nicolae_overflow_hidden_temple, minmay_misc_feat_rows

Skill      XL: |  1  2  3  4  5 |
---------------+----------------+-----
Stealth        | 1 2 3 4 |  4.2
Fighting       | 2 3 |  3.1
Short Blades   | 4 |  4.9
Hexes          | 1 2 |  2.0
Spellcasting   | 1 |  1.0
Throwing       | |  1.5
Dodging        | |  3.2

Action                     |  1- 3 |  4- 6 || total
---------------------------+-------+-------++-------
  Melee: Rapier            |    82 |    88 ||   170
         Bite              |     6 |     9 ||    15
         Punch             |     1 |     2 ||     3
  Throw: Dart              |     2 |    24 ||    26
         Stone             |     2 |       ||     2
         Throwing net      |       |     2 ||     2
    Use: Scroll            |       |     2 ||     2
   Stab: Sleeping          |     1 |     6 ||     7
         Invisible         |     1 |     2 ||     3
         Distracted        |     1 |       ||     1
 Armour: Leather armour    |    18 |    10 ||    28
         Robe              |       |     7 ||     7
  Dodge: Dodged            |    58 |    46 ||   104
